 Dungeon Crawl Stone Soup version 0.31-a0-187-gba352fbbf7 (webtiles) character file.

Game seed: 7205306488988795190

31 drugrobin the Sneak (level 2, -3/25 HPs)
             Began as a Demigod Delver on June 23, 2023.
             Slain by a wraith (8 damage)
             ... in an ossuary.
             The game lasted 00:03:29 (432 turns).

drugrobin the Sneak (Demigod Delver)                 Turns: 432, Time: 00:03:30

Health: -3/25      AC:  3    Str: 13    XL:     2   Next: 90%
Magic:  4/4        EV: 11    Int: 12    God:
Gold:   20         SH:  0    Dex: 15    Spells: 1/1 levels left

rFire   . . .        a - +0 spear (heavy)
rCold   . . .        (no shield)
rNeg    . . .        b - +0 leather armour
rPois   .            (no helmet)
rElec   .            (no cloak)
rCorr   .            (no gloves)
SInv    .            (no boots)
Will    .....        (no amulet)
Stlth   +++          (no ring)
HPRegen 0.24/turn    (no ring)
MPRegen 0.09/turn

%: no passive effects
@: hasted and slowed
A: high MP 1, forlorn, divine attributes
a: no special abilities


You were in an ossuary.
You visited 1 branch of the dungeon, and saw 2 of its levels.
You also visited: Ossuary.

You collected 20 gold pieces.

Inventory:

Hand Weapons
 a - a +0 heavy spear (weapon)
Armour
 b - a +0 leather armour (worn)
 i - a +0 scale mail
Wands
 g - a wand of digging (3)
Scrolls
 c - a scroll of fog
 d - a scroll of revelation
 e - a scroll of fear
 h - a scroll of noise {unknown}
 j - a scroll of enchant armour {unknown}
Potions
 f - 2 potions of haste
 k - a potion of brilliance {unknown}
 l - a potion of curing {unknown}


   Skills:
 - Level 2.6 Fighting
 + Level 3.2 Polearms
 - Level 1.7 Dodging
 - Level 4.5 Stealth


You had one spell level left.
You didn't know any spells.
Your spell library was empty.

Dungeon Overview and Level Annotations

Branches:
Dungeon (5/15)            Ossuary (1/1)
 Temple: D:4-7

Annotations:
D:5 exclusions: adder and sleepcap


Innate Abilities, Weirdness & Mutations

You have an increased reservoir of magic. (+10% MP)
You shall have no god before yourself.
Your divine heritage dramatically boosts your attributes as you level up.


Message History

You destroy the orc skeleton!
You reach to attack!
You hit the orc skeleton.
The orc skeleton is almost destroyed.
You hit the orc skeleton.
You destroy the orc skeleton!
No target in view!
Could not explore, unopened door.
Unknown command.
You open the door.
There is an open door here.
Could not explore, unopened door.
You open the door.
Unknown command.
There is an open door here.
Unknown command.
Unknown command.
You hit the wraith but do no damage. The wraith closely misses you.
Unknown command.
Unknown command.
You closely miss the wraith. The wraith hits you. x2
The wraith drains your vigour!
You feel yourself slow down.
Unknown command.
Unknown command.
Unknown command.
You hit the wraith.
The wraith is lightly damaged.
The wraith hits you!
* * * LOW HITPOINT WARNING * * *
The wraith drains your vigour!
You feel as though you will be slow longer.
The wraith barely misses you.
Unknown command.
Okay, then.
You feel yourself speed up. The wraith barely misses you.
Unknown command.
There is an open door here.
The wraith attacks as you move away! The wraith barely misses you.
There is an open gate here.
The wraith attacks as you move away! The wraith hits you!
You die...

#....+.. #.!?!!?.#...'....#
#....#...##.!!?.##...#....#
#....##...##...##...##....#
#.....##...##'##...##.....#
#......##.........##......#
#.......#####'#####.......#
#.∩.....................∩.#
#............W............#
############'@'############
####...#### #..'...'..#
#..#...#..# ####...####
#...# #...# #...# #...#


You could see a wraith.

Vanquished Creatures
  A mummy (Ossuary)
  A goblin (D:4)
  4 gnoll skeletons (Ossuary)
  9 kobold skeletons (Ossuary)
  12 orc skeletons (Ossuary)
27 creatures vanquished.

Notes
Turn   | Place    | Note
-------+----------+-------------------------------------------
     0 | D:5      | drugrobin the Demigod Delver began the quest for the Orb.
     0 | D:5      | Reached XP level 1. HP: 18/18 MP: 3/3
    44 | D:5      | Noticed a sleepcap
   111 | D:4      | Noticed a jelly
   118 | D:4      | Noticed an orc wizard
   118 | D:4      | Found a sand-covered staircase.
   123 | Ossuary  | Entered an ossuary
   123 | Ossuary  | Noticed a wraith
   123 | Ossuary  | Noticed a wraith
   123 | Ossuary  | Noticed a wraith
   149 | Ossuary  | Reached XP level 2. HP: 9/25 MP: 4/4
   414 | Ossuary  | Noticed a wraith
   432 | Ossuary  | Slain by a wraith

Illustrated notes

Levels and vault maps discovered:
D:4:      layout_loops_cross, enter_ossuary_1, serial_bayou,
          serial_bayou_pond_a, serial_bayou_pond_c, serial_bayou_lagoon_b,
          serial_bayou_lagoon_a, serial_bayou_pond_d, serial_bayou_pond_a,
          minmay_misc_feat_hallway
D:5:      layout_loops_cross, mainiacjoe_overflow_six_doors_small
Ossuary:  ossuary_due_mausoleum

Skill      XL: |  1  2 |
---------------+-------+-----
Polearms       | 2 3 |  3.2
Fighting       | |  2.6
Dodging        | |  1.7
Stealth        | |  4.5

Action                     || total
---------------------------++-------
  Melee: Spear             ||    67
    Use: Scroll            ||     1
         Potion            ||     1
 Armour: Leather armour    ||    42
  Dodge: Dodged            ||    70

Table legend: (Time is in decaauts)
 A = Elapsed time spent in this place.
 B = Non-inter-level travel time spent in this place.
 C = Inter-level travel time spent in this place.
 D = Time resting spent in this place.
 E = Time spent auto-exploring this place.
 F = Levels seen in this place.
 G = Mean time per level.
                   A        B        C        D        E       F      G
               +--------+--------+--------+--------+--------+-----+--------+
         Total |    462 |    455 |      7 |     59 |     83 |   3 |  154.0 |
       Dungeon |    123 |    116 |      7 |      0 |     17 |   2 |   61.5 |
       Ossuary |    339 |    339 |      0 |     59 |     66 |   1 |  339.0 |
               +--------+--------+--------+--------+--------+-----+--------+

Top non-repeatable levels by time:
 Ossuary: 339 daAuts
     D:5: 112 daAuts
     D:4: 10 daAuts
